 Dungeon Crawl Stone Soup version 0.30-a0-782-ge64f9170bb (webtiles) character file.

Game seed: 900753285352528881

2 Jane the Ducker (level 1, 0/10 HPs)
             Began as a Felid Chaos Knight on Feb 21, 2023.
             Was a Plaything of Xom.
             Slain by a jackal (2 damage)
             ... on level 1 of the Dungeon.
             The game lasted 00:00:40 (184 turns).

Jane the Ducker (Felid Chaos Knight)                 Turns: 184, Time: 00:00:41

Health: 0/10       AC:  1    Str:  8    XL:     1   Next: 33%
Magic:  2/2        EV: 17    Int: 13    God:    Xom [....*.]
Gold:   27         SH:  0    Dex: 15    Spells: 0/0 levels left
                                        Lives:  0   Deaths: 0

rFire   . . .      SeeInvis +      - Unarmed
rCold   . . .      Faith    .    (shield unavailable)
rNeg    . . .      Spirit   .    (body armour unavailable)
rPois   .          Reflect  .    (helmet unavailable)
rElec   .          Harm     .    (cloak unavailable)
rCorr   .          Rampage  .    (gloves unavailable)
Will    .....                    (boots unavailable)
Stlth   +                        (no amulet)
HPRegen 0.21/turn                (no ring)
MPRegen 0.08/turn                (no ring)

@: quick
A: very small, claws 1, fangs 3, see invisible, speed 1, shaggy fur 1, stealthy
paws, no weapons or thrown items, no armour, multi-lived
a: Renounce Religion


You were on level 1 of the Dungeon.
You worshipped Xom.
You were a beloved toy of Xom.
You visited 1 branch of the dungeon, and saw 1 of its levels.

You collected 27 gold pieces.

Inventory:

Potions
 b - a potion of curing {unknown}
Miscellaneous
 a - a piece from Xom's chessboard (15/15) (quivered)


   Skills:
 + Level 3.0 Fighting
 + Level 3.2 Dodging
 + Level 3.1 Unarmed Combat


You couldn't memorise any spells.
You didn't know any spells.
Your spell library was empty.

Dungeon Overview and Level Annotations

Branches:
Dungeon (1/15)

Altars:


Innate Abilities, Weirdness & Mutations

You have sharp claws.
You have razor-sharp teeth.
You have supernaturally acute eyesight. (SInv)
You cover ground quickly. (Speed+)
You are covered in fur. (AC +1)
Your paws help you pounce on unaware monsters.
You are incapable of wielding weapons or throwing items.
You cannot wear armour.
You gain extra lives every three experience levels.


Message History

Found a short sword.
The jackal barks!
You hear a shout!
The bat closely misses you.
You barely miss the bat. Your bite misses the bat. The bat closely misses you.
The bat misses you. The ball python closely misses you. x2
Found 14 gold pieces.
The bat closely misses you. The endoplasm freezes you.
You are frozen.
* * * LOW HITPOINT WARNING * * *
The bat barely misses you. The bat hits you.
* * * LOW HITPOINT WARNING * * *
Found a deep dwarf skeleton.
The bat hits you.
* * * LOW HITPOINT WARNING * * *
The bat hits you but does no damage. The bat completely misses you.
You see here a +0 short sword.
The bat closely misses you. The bat barely misses you.
The bat closely misses you.
You see here 14 gold pieces.
You closely miss the bat. The bat hits you.
* * * LOW HITPOINT WARNING * * *
The ball python completely misses you. The ball python barely misses you.
The bat hits you.
* * * LOW HITPOINT WARNING * * *
The endoplasm jiggles.
The jackal closely misses you. The jackal attacks as you move away!
The jackal closely misses you. The jackal misses you.
The jackal bites you but does no damage.
The bat closely misses you.
A jackal comes into view.
The jackal barks!
You hear a bark!
The bat hits you but does no damage. The ball python barely misses you.
The ball python misses you. The jackal misses you.
You see here a deep dwarf skeleton.
The jackal attacks as you move away! The jackal barely misses you.
The ball python misses you. The ball python completely misses you.
The jackal bites you.
You die...

>............# #..####..#
...##........# #..####..#
...##........# #.....#..#######
...##.###.#...# ##.####........#
..###.###...#### #.# ##.......#
.##.......#....###### ##...##.#
......# #.#.........# #.÷.##.#
.##.#####....##.....## ##......#
.†........)$.##.@....# #.....÷.#
###.#####...J.Sh###...##...#####
#.# #.#..Jb## #.......## ...
...###### ##......# .#.#####.#
#.....## ...## ... ###<.÷# # #
... ##### #...


You could see 2 endoplasms, a jackal, a bat and a ball python.

Vanquished Creatures
  An endoplasm (D:1)
  A bat (D:1)
  A rat (D:1)
3 creatures vanquished.

Notes
Turn   | Place    | Note
-------+----------+-------------------------------------------
     0 | D:1      | Jane the Felid Chaos Knight began the quest for the Orb.
     0 | D:1      | Reached XP level 1. HP: 10/10 MP: 2/2
   137 | D:1      | XOM: silly message
   184 | D:1      | Slain by a jackal

Illustrated notes

Levels and vault maps discovered:
D:1:      amcnicky_arrival_wind_blow, layout_loops_cross,
          shapermc_ecumenical_altar_totnotflames, minmay_pentomino_w4

Action                     || total
---------------------------++-------
  Melee: Unarmed           ||    12
   Stab: Sleeping          ||     1
 Armour: Skin              ||     7
  Dodge: Dodged            ||    61

Table legend: (Time is in decaauts)
 A = Elapsed time spent in this place.
 B = Non-inter-level travel time spent in this place.
 C = Inter-level travel time spent in this place.
 D = Time resting spent in this place.
 E = Time spent auto-exploring this place.
 F = Levels seen in this place.
 G = Mean time per level.
                   A        B        C        D        E       F      G
               +--------+--------+--------+--------+--------+-----+--------+
         Total |    149 |    149 |      0 |      0 |     47 |   1 |  149.0 |
       Dungeon |    149 |    149 |      0 |      0 |     47 |   1 |  149.0 |
               +--------+--------+--------+--------+--------+-----+--------+

Top non-repeatable levels by time:
     D:1: 149 daAuts
